 Dungeon Crawl Stone Soup version 0.31.0-12-g77e489cdc1 (webtiles) character file.

Game seed: 11947501969564854405

22 ChadusMaximus the Caller (level 2, -1/19 HPs)
             Began as a Barachi Summoner on Mar 3, 2024.
             Slain by a gnoll
             ... wielding a +1 flail of protection
              (8 damage)
             ... on level 1 of the Dungeon.
             The game lasted 00:00:42 (490 turns).

ChadusMaximus the Caller (Barachi Summoner)          Turns: 490, Time: 00:00:42

Health: -1/19      AC:  3    Str:  9    XL:     2   Next: 91%
Magic:  3/5        EV: 12    Int: 15    God:
Gold:   12         SH:  0    Dex: 12    Spells: 5/6 levels left

rFire   . . .        d - +0 whip
rCold   . . .        (no shield)
rNeg    . . .        a - +0 robe
rPois   .            (no helmet)
rElec   .            g - +0 cloak
rCorr   .            (no gloves)
SInv    .            (no boots)
Will    .....        (no amulet)
Stlth   ++           (no ring)
HPRegen 0.23/turn    (no ring)
MPRegen 0.09/turn

%: no passive effects
@: very slightly contaminated, slow
A: amphibious, slowness 1, strong legs 1, +LOS
a: Hop


You were on level 1 of the Dungeon.
You visited 1 branch of the dungeon, and saw 1 of its levels.

You collected 12 gold pieces.

Inventory:

Hand Weapons
 d - a +0 whip (weapon)
Armour
 a - a +0 robe (worn)
 g - a +0 cloak (worn)
Scrolls
 c - a scroll of revelation {unknown}
 f - a scroll of noise {unknown}
 h - a scroll of silence {unknown}
 i - a scroll of blinking {unknown}
Potions
 b - a potion of magic
 e - a potion of curing {unknown}


   Skills:
 - Level 2.2 Dodging
 - Level 1.8 Stealth
 + Level 2.6 Spellcasting
 * Level 5.4 Summonings


You had 5 spell levels left.
You knew the following spells:

 Your Spells              Type           Power      Damage    Failure   Level
a - Summon Small Mammal   Summ           72%        N/A       2%          1

Your spell library contained the following spells:

 Spells                   Type           Power      Damage    Failure   Level
 Call Imp                 Summ           36%        N/A       3%          2
 Call Canine Familiar     Summ           18%        N/A       7%          3
 Summon Blazeheart Golem  Fire/Summ      10%        N/A       56%         4
 Summon Lightning Spire   Summ/Air       10%        N/A       56%         4


Dungeon Overview and Level Annotations

Branches:
Dungeon (1/15)

Altars:


Innate Abilities, Weirdness & Mutations

You are amphibious.
You cover ground slowly.
You can hop short distances.
You have an extended range of vision and can be seen from far away.


Message History

A ball python comes into view.
The ball python hisses angrily.
A ball python is nearby!
A ball python is nearby!
You hit the ball python but do no damage.
The ball python bites you but does no damage.
The ball python grabs you. The ball python constricts you.
A ball python is nearby!
You hit the ball python.
The ball python is severely wounded.
The ball python barely misses you. The ball python constricts you.
A ball python is nearby!
You hit the ball python.
You kill the ball python!
A gnoll comes into view.
It is wielding a +1 flail of protection.
The gnoll moves out of view.
No target in view!
You now have 12 gold pieces (gained 10).
Found a halberd.
No target in view!
You see here a +0 halberd.
i - a scroll labelled CEMMEO WASHA No target in view!
A gnoll is nearby!
The gnoll shouts!
A gnoll is nearby!
You hit the gnoll but do no damage.
The gnoll hits you with a +1 flail of protection.
You hit the gnoll but do no damage. The gnoll barely misses you.
You barely miss the gnoll. The gnoll completely misses you.
Casting: Summon Small Mammal (safe; 2% risk of failure)
Confirm with . or Enter, or press ? or * to list all spells.
You miscast Summon Small Mammal.
You are very lightly contaminated with residual magic.
Nothing appears to happen.
The gnoll hits you with a +1 flail of protection!
Casting: Summon Small Mammal (safe; 2% risk of failure)
Confirm with . or Enter, or press ? or * to list all spells.
The gnoll hits you with a +1 flail of protection!
You die...

#####................
...##................
...##...........#####
...##...........#
...##...........#
...##...........#
...##...........# ..
...##....###########.....
###.............@gr.#
###.###############.#
)...# #....# #####
#.##.##### #.##.#...#
#.##.#...# #.##.#...#
#.##.#...# #.##.#...###


You could see a gnoll (ally target) and a friendly rat (summoned).

Vanquished Creatures
  2 ball pythons (D:1)
  3 bats (D:1)
  2 endoplasms (D:1)
  2 giant cockroaches (D:1)
  A frilled lizard (D:1)
10 creatures vanquished.

Vanquished Creatures (collateral kills)
  A dart slug (D:1)
  A ball python (D:1)
  An endoplasm (D:1)
  A goblin (D:1)
  A hobgoblin (D:1)
  A kobold (D:1)
  A rat (D:1)
7 creatures vanquished.

Grand Total: 17 creatures vanquished

Notes
Turn   | Place    | Note
-------+----------+-------------------------------------------
     0 | D:1      | ChadusMaximus the Barachi Summoner began the quest for the
                  | Orb.
     0 | D:1      | Reached XP level 1. HP: 13/13 MP: 3/3
   145 | D:1      | Reached skill level 5 in Summonings
   196 | D:1      | Found a faded altar of an unknown god.
   202 | D:1      | Reached XP level 2. HP: 19/19 MP: 1/5
   490 | D:1      | Slain by a gnoll

Illustrated notes

Levels and vault maps discovered:
D:1:      psy_arrival_spokes, layout_basic,
          hellmonk_ecumenical_altar_pennies_from_heaven

Skill      XL: |  1 |
---------------+----+-----
Summonings     | 5 |  5.4
Dodging        | |  2.2
Stealth        | |  1.8
Spellcasting   | |  2.6

Action                     || total
---------------------------++-------
  Melee: Whip              ||    51
         Unarmed           ||     4
         Punch             ||     1
   Cast: Summon Small Mamm ||    11
   Stab: Sleeping          ||     1
 Armour: Robe              ||    34
  Dodge: Dodged            ||    48
